 Seeded DCSS version 0.29.1-15-g9cfb28693d (webtiles) character file.

Game seed: 5297477676520237703 (custom seed)

14 GigaChad the Trooper (level 2, 0/26 HPs)
             Began as a Draconian Berserker on Mar 10, 2023.
             Was a Follower of Trog.
             Slain by a frilled lizard (1 damage)
             ... on level 2 of the Dungeon.
             The game lasted 00:01:11 (1396 turns).

GigaChad the Trooper (Draconian Berserker)          Turns: 1396, Time: 00:01:14

Health: 0/26       AC:  4    Str: 19    XL:     2   Next: 31%
Magic:  2/2        EV: 12    Int:  7    God:    Trog [*.....]
Gold:   48         SH:  0    Dex: 10    Spells: 1/1 levels left

rFire   . . .      SeeInvis .   f - +0 bardiche
rCold   . . .      Faith    .   (shield currently unavailable)
rNeg    . . .      Spirit   .   (body armour unavailable)
rPois   .          Reflect  .   (helmet restricted)
rElec   .          Harm     .   (no cloak)
rCorr   .          Rampage  .   (no gloves)
Will    .....                   (no boots)
Stlth   +.........              (no amulet)
HPRegen 0.08/turn               (no ring)
MPRegen 0.08/turn               (no ring)

@: no status effects
A: AC +4, unfitting armour, cold-blooded
a: Renounce Religion, Berserk


You were on level 2 of the Dungeon.
You worshipped Trog.
Trog was aware of your devotion.
You visited 1 branch of the dungeon, and saw 2 of its levels.

You collected 48 gold pieces.

Inventory:

Hand Weapons
 a - a +0 falchion
 f - a +0 bardiche (weapon)
Jewellery
 g - an amulet of magic regeneration
Scrolls
 b - a scroll of vulnerability
 c - a scroll of fear {unknown}
 d - a scroll of identify
 e - a scroll of teleportation {unknown}
Potions
 h - 2 potions of magic {unknown}


   Skills:
 + Level 3.5 Fighting
 + Level 3.3 Long Blades
 + Level 0.2 Polearms
 + Level 2.9 Dodging


You had one spell level left.
You didn't know any spells.
Your spell library was empty.

Dungeon Overview and Level Annotations

Branches:
Dungeon (2/15)

Altars:


Innate Abilities, Weirdness & Mutations

Your plain brown scales are hard. (AC +4)
You cannot fit into any form of body armour.
You are cold-blooded and may be slowed by cold attacks.


Message History

The kobold barely misses you.
You closely miss the kobold. The goblin hits you with a +0 club.
The hobgoblin hits you but does no damage.
The kobold barely misses you. x2; The hobgoblin misses you.
The goblin misses you.
You barely miss the kobold. The goblin barely misses you.
The hobgoblin misses you.
The kobold hits you with a +0 short sword.
The frilled lizard bites you but does no damage.
The hobgoblin closely misses you. The frilled lizard barely misses you.
The kobold closely misses you. The goblin hits you with a +0 club.
You barely miss the kobold. The goblin hits you but does no damage.
The kobold hits you with a +0 short sword.
The hobgoblin closely misses you.
The frilled lizard bites you but does no damage.
The frilled lizard bites you. The hobgoblin hits you.
The goblin hits you but does no damage. The kobold barely misses you.
You are too injured to fight recklessly!
Unknown command.
Unknown command.
You are too injured to fight recklessly!
You are too injured to fight recklessly!
You are too injured to fight recklessly!
You are too injured to fight recklessly!
You slash the kobold!
You kill the kobold!
Trog accepts your kill. The goblin hits you with a +0 club.
The hobgoblin closely misses you. The frilled lizard bites you.
* * * LOW HITPOINT WARNING * * *
The goblin barely misses you. The frilled lizard barely misses you.
The hobgoblin hits you.
* * * LOW HITPOINT WARNING * * *
You closely miss the hobgoblin. The goblin closely misses you.
The hobgoblin barely misses you.
The frilled lizard hisses.
The frilled lizard bites you.
* * * LOW HITPOINT WARNING * * *
The goblin hits you but does no damage. The frilled lizard bites you.
You die...

#########. ####
#.........
.....#.........
.....#.........
...............
........g.....$
#.)@g......
#..l.$.....
##.........
#.....>)..
#.........
######[### .# #


You could see a hobgoblin, a goblin and a frilled lizard.

Vanquished Creatures
  An endoplasm (D:1)
  2 giant cockroaches (D:1)
  2 goblins
  2 hobgoblins (D:1)
  A quokka (D:1)
  3 kobolds
  A rat (D:2)
12 creatures vanquished.

Notes
Turn   | Place    | Note
-------+----------+-------------------------------------------
     0 | D:1      | GigaChad the Draconian Berserker began the quest for the
                  | Orb.
     0 | D:1      | Reached XP level 1. HP: 19/19 MP: 1/1
   694 | D:1      | Reached XP level 2. HP: 9/26 MP: 2/2
  1396 | D:2      | HP: 1/26 [frilled lizard (2)]
  1396 | D:2      | Slain by a frilled lizard

Illustrated notes

Levels and vault maps discovered:
D:1:      eino_arrival_cavern_d, layout_loops_corners
D:2:      layout_basic, kennysheep_generic_room_4

Action                   || total
-------------------------++-------
Melee: Falchion          ||    18
       Tailslap          ||     2
       Bardiche          ||    12
  Use: Scroll            ||     1
 Stab: Sleeping          ||     1
Armor: Skin              ||    12
Dodge: Dodged            ||    30
